 Dungeon Crawl Stone Soup version 0.28-a0-1233-g92def6ad0a (webtiles) character file.

Game seed: 17555122769484033726

11813 Lekart the Cleaver (level 11, -3/159 HPs)
             Began as a White Draconian Chaos Knight on Dec 23, 2021.
             Was a Plaything of Xom.
             Slain by a hellwing (8 damage)
             ... summoned by an orc high priest
             ... on level 2 of the Orcish Mines.
             The game lasted 00:34:11 (15817 turns).

Lekart the Cleaver (White Draconian Chaos Knight)  Turns: 15817, Time: 00:34:12

Health: -3/159     AC:  4    Str: 14      XL:     11   Next: 54%
Magic:  0/17       EV: 15    Int: 12 (13) God:    Xom [*.....]
Gold:   1333       SH:  0    Dex: 14 (15) Spells: 18/18 levels left

rFire   + . .      SeeInvis .   j - +5 war axe
rCold   + + .      Faith    .   (no shield)
rNeg    . . .      Spirit   .   (armour unavailable)
rPois   +          Reflect  .   (helmet unavailable)
rElec   .          Harm     .   z - +0 cloak
rCorr   .          Rampage  .   u - +1 pair of gloves {infuse}
Will    .....      Rnd*Tele +   d - +1 pair of boots
Stlth   ..........              b - amulet of regeneration
HPRegen 1.16/turn               f - ring of protection from cold
MPRegen 0.15/turn               t - ring of poison resistance

@: berserking, short of breath, corroded, unable to read, very quick
A: breathe frost, AC +7, unfitting armour, cold resistance 1, cold-blooded,
horns 3, fire resistance 1, sense surroundings 1, robust 1, teleportitis 1,
inability to read while threatened
a: Breathe Frost, Renounce Religion


You were on level 2 of the Orcish Mines.
You worshipped Xom.
You were a special plaything of Xom.
You visited 3 branches of the dungeon, and saw 15 of its levels.
You also visited: Sewer.

You collected 1547 gold pieces.
You spent 214 gold pieces at shops.

Inventory:

Hand Weapons
 a - a +1 hand axe of venom
 j - a +5 war axe (weapon)
 p - a +1 falchion of freezing
 q - a +0 shortbow
 y - a +8 short sword of freezing
Missiles
 i - 3 throwing nets (quivered)
 r - 107 arrows
Armour
 d - a +1 pair of boots (worn)
 u - a +1 pair of gloves of infusion (worn)
 z - a +0 cloak (worn)
Jewellery
 b - an amulet of regeneration (around neck)
 f - a ring of protection from cold (left hand)
 t - a ring of poison resistance (right hand)
 x - a ring of fire
 B - an amulet of the acrobat
Wands
 h - a wand of polymorph (8)
 l - a wand of digging (3)
 n - a wand of paralysis (7)
 v - a wand of mindburst (9)
Scrolls
 g - 5 scrolls of teleportation
 o - 4 scrolls of enchant armour
 s - 2 scrolls of blinking
 A - a scroll of magic mapping
 C - a scroll of fog
Potions
 c - 2 potions of heal wounds
 e - 3 potions of curing
 k - a potion of berserk rage
 m - 2 potions of haste
 w - a potion of ambrosia


   Skills:
 + Level 9.4 Fighting
 + Level 2.0 Short Blades
 + Level 0.7(1.4) Long Blades
 + Level 12.8 Axes
 + Level 3.8 Bows
 + Level 7.6 Dodging
 * Level 4.1 Spellcasting
 + Level 3.1 Evocations


You had 18 spell levels left.
You didn't know any spells.
Your spell library contained the following spells:

 Spells                   Type           Power      Damage    Failure   Level
 Magic Dart               Conj           8%         1d3       22%         1
 Slow                     Hex            8%         N/A       22%         1
 Searing Ray              Conj           4%         2d4       32%         2
 Confusing Touch          Hex            2%         N/A       54%         3
 Frozen Ramparts          Ice            4%         1d2       54%         3
 Fulminant Prism          Conj/Hex       1%         3d6       91%         4
 Ice Form                 Ice/Tmut       2%         N/A       91%         4
 Summon Ice Beast         Ice/Summ       2%         N/A       91%         4
 Blade Hands              Tmut           1%         N/A       99%         5
 Yara's Violent Unravell  Hex/Tmut       1%         3d3       99%         5
 Iron Shot                Conj/Erth      1%         9d1       100%        6
 Animate Armour           Summ/Erth      Unusable   N/A       N/A         4

Dungeon Overview and Level Annotations

Branches:
Dungeon (12/15)            Temple (0/1) D:4            Lair (1/6) D:11
    Orc (2/2) D:9             Elf (0/3) Orc:2         Sewer (visited)

Altars:
Cheibriados
Elyvilon
Fedhas
Sif Muna
Trog
Vehumet
Wu Jian
Xom
Yredelemnul
The Shining One

Shops:
D:2 *   D:8 [   Orc:1 *

Annotations:
D:8 exclusion: downstairs
D:10 exclusion: downstairs


Innate Abilities, Weirdness & Mutations

You can breathe waves of freezing cold which knock back foes.
Your icy white scales are hard. (AC +7)
You cannot fit into any form of body armour.
Your flesh is cold resistant. (rC+)
You are cold-blooded and may be slowed by cold attacks.
You have a pair of large horns on your head.
Your flesh is heat resistant. (rF+)
You passively map a small area around you.
You are robust. (+10% HP)
You are occasionally teleported next to monsters.
You sometimes lose the ability to read scrolls when taking damage.


Message History

You tail-slap the hellwing, but do no damage.
The hellwing is severely wounded.
You hit the rust devil but do no damage.
You slash the orc warrior! The hellwing hits you! The hellwing hits you.
The orc high priest hits you from afar with a +0 glaive!
You feel threatened and lose the ability to read scrolls!
The orc warrior barely misses you. The hellwing hits you!
The hellwing hits you but does no damage.
The hellwing hits you.
* * * LOW HITPOINT WARNING * * *
The hellwing misses you.
Okay, then.
A red film seems to cover your vision as you go berserk!
You feel yourself moving faster!
You feel mighty! The rust devil closely misses you. The hellwing hits you!
* * * LOW HITPOINT WARNING * * *
The hellwing barely misses you.
The orc high priest hits you from afar with a +0 glaive!
* * * LOW HITPOINT WARNING * * *
The orc warrior misses you.
You hit the rust devil. You headbutt the rust devil.
The rust devil is moderately wounded.
You barely miss the orc warrior. You barely miss the hellwing.
The rust devil hits you.
* * * LOW HITPOINT WARNING * * *
The rust devil corrodes you! The hellwing hits you!
* * * LOW HITPOINT WARNING * * *
The hellwing hits you.
* * * LOW HITPOINT WARNING * * *
You slash the rust devil!
The rust devil is heavily wounded.
You closely miss the orc warrior. You hit the hellwing but do no damage.
The orc high priest completely misses you.
The orc warrior barely misses you. The rust devil barely misses you.
You hit the rust devil.
The rust devil is severely wounded.
You hit the hellwing. You hit the orc warrior. The hellwing hits you!
You die...
Xom cackles wildly! ..........# , ..........##............ * ..........#...............# ..........#.#.#.#.#.#.#.#.# o , ........................... , ..........................# ooo

...........................
oo
..........#.#.#.#.#.#.#.#.#
o o
.........##.....@4o.).....#
..........##....o4..)....#
..........####.........###
.....).)..# ###...).###
..........# #######
........##### ** *
.............# , *
.....)........ ,
.#..#......#.# * , *


You could see an orc high priest, a hellwing (summoned), a rust devil (summoned)
and an orc warrior.

Vanquished Creatures
  A centaur warrior (D:10)
  A two-headed ogre (D:9)
  2 orc knights
  Maggie (D:6)
  Psyche (D:8)
  3 trolls
  A hornet (D:10)
  A meliai zombie (D:11)
  A vampire (D:9)
  3 yaks (D:10)
  A wyvern (D:10)
  4 vampire mosquitoes
  2 wargs
  3 water moccasins
  13 orc warriors
  4 ogres
  6 centaurs
  3 wolves
  A phantom (D:4)
  A kobold brigand (Sewer)
  A gnoll sergeant (D:9)
  2 bullfrogs
  A scorpion (D:6)
  A water moccasin zombie (D:5)
  A water moccasin skeleton (D:5)
  6 killer bees (D:7)
  2 electric eels (D:11)
  15 wights
  5 howler monkeys
  3 centaur zombies (D:8)
  9 hounds
  16 orc priests
  5 jellies
  A bullfrog skeleton (D:6)
  Jessica (D:3)
  A gnoll shaman (D:7)
  2 iguanas (D:6)
  17 orc wizards
  2 hound skeletons (D:4)
  A howler monkey zombie (D:8)
  7 gnolls
  A howler monkey skeleton (D:6)
  12 adders
  A white imp (D:6)
  5 worms
  4 dart slugs
  45 orcs
  15 endoplasms
  6 giant cockroaches
  3 goblins
  4 hobgoblins
  4 jackals (D:2)
  4 quokkas
  9 ball pythons
  3 bats
  5 frilled lizards
  12 kobolds
  9 rats
294 creatures vanquished.

Vanquished Creatures (collateral kills)
  A troll (Orc:2)
  A wraith (D:9)
  An ice beast (D:5)
  An orc warrior (Orc:2)
  An ogre (Orc:2)
  An orc priest (Orc:2)
  A hound skeleton (D:5)
  An orc (D:5)
8 creatures vanquished.

Vanquished Creatures (others)
  An ogre (D:10)
  A giant cockroach (D:3)
2 creatures vanquished.

Grand Total: 304 creatures vanquished

Notes
Turn   | Place    | Note
-------+----------+-------------------------------------------
     0 | D:1      | Lekart the Draconian Chaos Knight began the quest for the
                  | Orb.
     0 | D:1      | Reached XP level 1. HP: 19/19 MP: 1/1
    33 | D:1      | XOM: potion effect (invisibility)
   158 | D:1      | Reached XP level 2. HP: 26/26 MP: 2/2
   368 | D:1      | Found a faded altar of an unknown god.
   672 | D:1      | XOM: divination: detect items
   856 | D:1      | Found a bloodstained altar of Trog.
   890 | D:2      | Reached XP level 3. HP: 33/33 MP: 3/3
   933 | D:2      | Found Xuakefip's General Store.
  1392 | D:2      | Reached skill level 4 in Axes
  1392 | D:2      | XOM: butterfly on damage
  1564 | D:2      | XOM: divination: detect items
  1695 | D:2      | XOM: 5-stop teleportation journey
  1844 | D:2      | Reached XP level 4. HP: 34/40 MP: 4/4
  2014 | D:2      | XOM: scenery: summon butterflies
  2110 | D:1      | XOM: cloud trail
  2355 | D:2      | XOM: god gift: scroll labelled INAPHO RICEICE {god gift}
  2693 | D:3      | Found a glowing golden altar of the Shining One.
  2695 | D:3      | Noticed an angel
  2705 | D:3      | Noticed Jessica
  2718 | D:3      | Killed Jessica
  2719 | D:3      | Reached XP level 5. HP: 42/47 MP: 5/5
  2892 | D:3      | XOM: 1-stop teleportation journey
  3035 | D:3      | Found a shimmering blue altar of Sif Muna.
  3054 | D:3      | XOM: 1-stop teleportation journey
  3146 | D:3      | Found a basalt altar of Yredelemnul.
  3205 | D:3      | XOM: 4-stop teleportation journey
  3312 | D:3      | Reached skill level 5 in Axes
  3599 | D:4      | Found a staircase to the Ecumenical Temple.
  3661 | D:4      | Noticed an ogre
  3663 | D:4      | XOM: confusion (+ monsters)
  3676 | D:4      | Killed an ogre
  3677 | D:4      | Reached XP level 6. HP: 41/53 MP: 6/6
  3861 | D:4      | XOM: blink monster(s)
  3864 | D:4      | XOM: torment (28/53 hp)
  3867 | D:4      | XOM: swap monsters
  3901 | D:4      | Reached skill level 6 in Axes
  4017 | D:4      | XOM: noise
  4022 | D:4      | XOM: cloud trail
  4038 | D:4      | XOM: god gift: 52 gold pieces
  4152 | D:4      | XOM: 2-stop teleportation journey
  4458 | D:4      | Found a blossoming altar of Fedhas.
  4462 | D:4      | Found a white marble altar of Elyvilon.
  4467 | D:4      | Found a shimmering altar of Xom.
  4722 | D:4      | XOM: scenery: 1 doors close
  4735 | D:4      | XOM: cloud trail
  5021 | D:5      | Entered Level 5 of the Dungeon
  5026 | D:5      | XOM: summons friendly iron imp
  5030 | D:5      | Reached skill level 5 in Fighting
  5030 | D:5      | Your scales start taking on an icy white colour.
  5030 | D:5      | Reached XP level 7. HP: 61/61 MP: 7/7
  5030 | D:5      | Gained mutation: Your flesh is cold resistant. (rC+) [White
                  | Draconian growth]
  5232 | D:5      | XOM: give mutations
  5232 | D:5      | Gained mutation: You passively map a small area around you.
                  | [Xom's grace]
  5232 | D:5      | Gained mutation: You have hidden genetic potential. [Xom's
                  | grace]
  5232 | D:5      | Gained mutation: You are robust. (+10% HP) [Xom's grace]
  5232 | D:5      | Gained mutation: You have sharp toenails. [Xom's grace]
  5392 | D:5      | XOM: give mutation
  5392 | D:5      | Gained mutation: Your tail ends in a venomous barb. [Xom's
                  | grace]
  5393 | D:5      | Reached skill level 7 in Axes
  5501 | D:5      | XOM: god gift: 49 gold pieces
  5918 | D:5      | XOM: scenery: summon butterflies
  5955 | D:5      | XOM: scenery: create altars
  6056 | D:6      | XOM: give mutations
  6056 | D:6      | Gained mutation: You are clumsy. (Dex -2) [Xom's mischief]
  6056 | D:6      | Gained mutation: You are very clumsy. (Dex -4) [Xom's
                  | mischief]
  6056 | D:6      | Lost mutation: You have sharp toenails. [Xom's mischief]
  6056 | D:6      | Gained mutation: You have great hidden genetic potential.
                  | [Xom's mischief]
  6067 | D:6      | XOM: potion effect (might)
  6075 | D:6      | XOM: summons 2 friendly demons
  6087 | D:6      | Reached XP level 8. HP: 55/75 MP: 8/8
  6295 | D:6      | Reached skill level 8 in Axes
  6330 | D:6      | Noticed Maggie
  6333 | D:6      | XOM: summons 6 friendly demons
  6342 | D:6      | Killed Maggie
  6343 | D:6      | Reached skill level 5 in Dodging
  6357 | D:6      | Gained mutation: You expend magic power (3 MP) to
                  | strengthen your wands. [hidden potential]
  6564 | D:6      | Found a snail-covered altar of Cheibriados.
  6616 | D:6      | Reached skill level 1 in Evocations
  6632 | D:6      | Found a glowing drain.
  6643 | Sewer    | Entered a sewer
  7102 | Sewer    | Reached skill level 9 in Axes
  7163 | Sewer    | Lost mutation: Your tail ends in a venomous barb. [potion
                  | of mutation]
  7163 | Sewer    | Lost mutation: You are very clumsy. (Dex -4) [potion of
                  | mutation]
  7163 | Sewer    | Lost mutation: You expend magic power (3 MP) to strengthen
                  | your wands. [potion of mutation]
  7163 | Sewer    | Gained mutation: You are occasionally teleported next to
                  | monsters. [potion of mutation]
  7170 | Sewer    | Lost mutation: You are robust. (+10% HP) [potion of
                  | mutation]
  7170 | Sewer    | Lost mutation: You are clumsy. (Dex -2) [potion of
                  | mutation]
  7170 | Sewer    | Gained mutation: You sometimes lose the ability to read
                  | scrolls when taking damage. [potion of mutation]
  7170 | Sewer    | Gained mutation: Your flesh is heat resistant. (rF+)
                  | [potion of mutation]
  7221 | D:6      | XOM: divination: detect items
  7837 | D:7      | Reached XP level 9. HP: 73/78 MP: 9/9
  7966 | D:7      | XOM: divination: detect items
  8198 | D:7      | Reached skill level 10 in Axes
  8200 | D:7      | XOM: cast spell 'Summon Ice Beast'
  8202 | D:7      | Gained mutation: You have a pair of small horns on your
                  | head. [hidden potential]
  8202 | D:7      | Lost mutation: You have great hidden genetic potential.
                  | [hidden potential expressed]
  8482 | D:7      | XOM: silly message
  9162 | D:8      | Noticed a troll
  9163 | D:8      | XOM: enchant monster (bad)
  9180 | D:8      | Killed a troll
  9205 | D:8      | Reached skill level 1 in Bows
  9322 | D:8      | Found Tuhonlu's Armour Shop.
  9330 | D:8      | Bought a +1 pair of gloves of infusion for 214 gold pieces
  9422 | D:8      | XOM: cloud trail
  9437 | D:8      | Noticed Psyche
  9465 | D:8      | Killed Psyche
  9782 | D:8      | Found an ornate altar of the Wu Jian Council.
  9828 | D:9      | XOM: smoke on damage
 10039 | D:9      | XOM: summons 6 friendly demons
 10081 | D:9      | Noticed a two-headed ogre
 10083 | D:9      | Reached skill level 11 in Axes
 10083 | D:9      | Reached XP level 10. HP: 69/86 MP: 6/10
 10091 | D:9      | Killed a two-headed ogre
 10093 | D:9      | Gained mutation: You are robust. (+10% HP) [hidden
                  | potential]
 10169 | D:10     | Entered Level 10 of the Dungeon
 10677 | D:10     | Noticed an orc knight
 10697 | D:10     | Killed an orc knight
 10698 | D:10     | Reached skill level 1 in Spellcasting
 10699 | D:10     | XOM: repel stairs
 10701 | D:10     | XOM: potion effect (invisibility)
 10707 | D:10     | XOM: potion effect (curing)
 10964 | D:10     | Noticed a centaur warrior
 10971 | D:10     | XOM: potion effect (magic)
 10972 | D:10     | XOM: potion effect (invisibility)
 10975 | D:10     | Killed a centaur warrior
 10976 | D:10     | Reached skill level 1 in Short Blades
 10976 | D:10     | Reached skill level 12 in Axes
 11058 | D:10     | Paralysed by a hornet for 2 turns
 11065 | D:10     | Paralysed by a hornet for 2 turns
 11383 | D:10     | XOM: give mutation
 11383 | D:10     | Gained mutation: You have a pair of horns on your head.
                  | [Xom's grace]
 11655 | D:9      | XOM: enchant monster (good)
 11984 | D:8      | XOM: 3-stop teleportation journey
 12074 | D:8      | XOM: cloud trail
 12630 | D:9      | Found a radiant altar of Vehumet.
 12670 | D:9      | XOM: 6-stop teleportation journey
 12680 | D:9      | XOM: divination: magic mapping
 12819 | D:9      | Found a staircase to the Orcish Mines.
 12982 | Orc:1    | Entered Level 1 of the Orcish Mines
 13120 | D:11     | XOM: cast spell 'Olgreb's Toxic Radiance'
 13120 | D:11     | Noticed a two-headed ogre
 13126 | D:11     | Noticed a four-headed hydra
 13128 | D:11     | Found a staircase to the Lair.
 13131 | D:11     | Noticed a two-headed ogre
 13148 | D:10     | XOM: divination: detect items
 13207 | D:10     | Reached XP level 11. HP: 83/104 MP: 8/15
 13207 | D:10     | XOM: potion effect (magic)
 13244 | D:10     | XOM: noise
 13457 | D:11     | XOM: silly message
 13459 | Lair:1   | Entered Level 1 of the Lair of Beasts
 13584 | D:11     | Gained mutation: You have a pair of large horns on your
                  | head. [hidden potential]
 13584 | D:11     | Lost mutation: You have hidden genetic potential. [hidden
                  | potential expressed]
 13586 | D:11     | XOM: cast spell 'Call Canine Familiar'
 13599 | D:11     | XOM: silly message
 13654 | D:11     | XOM: smoke on damage
 13664 | D:11     | XOM: potion effect (haste)
 13666 | D:11     | XOM: god gift: short sword {god gift}
 13738 | D:12     | Noticed a deep elf pyromancer
 13739 | D:12     | Noticed a deep elf zephyrmancer
 13739 | D:12     | Noticed a deep elf pyromancer
 13741 | D:12     | Noticed a deep elf zephyrmancer
 13741 | D:12     | Noticed a deep elf zephyrmancer
 14023 | Orc:2    | Entered Level 2 of the Orcish Mines
 14051 | Orc:1    | Found Xequcwew's Assorted Antiques.
 14138 | Orc:1    | XOM: scenery: create altars
 14197 | Orc:2    | XOM: scenery: summon butterflies
 14611 | Orc:2    | XOM: scenery: create altars
 14741 | Orc:2    | XOM: 2-stop teleportation journey
 14752 | Orc:2    | Found a staircase to the Elven Halls.
 14755 | Orc:2    | XOM: cast spell 'Necromutation'
 14787 | Orc:2    | XOM: divine lightning
 14804 | Orc:2    | XOM: summons 9 friendly demons
 15024 | Orc:2    | XOM: summons friendly shadow imp
 15173 | Orc:2    | Noticed an orc knight
 15177 | Orc:2    | XOM: enchant monster (bad)
 15195 | Orc:2    | HP: 1/159 [orc knight (23)]
 15196 | Orc:2    | Killed an orc knight
 15200 | Orc:2    | XOM: fog
 15797 | Orc:2    | Noticed an orc high priest
 15804 | Orc:2    | XOM: divination: detect creatures
 15815 | Orc:2    | HP: 4/159 [hellwing[an orc high priest] (6)]
 15817 | Orc:2    | Slain by a hellwing

Illustrated notes

Levels and vault maps discovered:
D:1:      dpeg_arrival_water_altar, layout_basic,
          hellmonk_ecumenical_altar_blasted
D:2:      minmay_angry_zag, layout_basic, serial_shops, shop, minmay_tall_x
D:3:      layout_basic, nicolae_sif_muna_little_library,
          grunt_temple_overflow_holy_war, kennysheep_big_empty_room,
          uniq_jessica
D:4:      layout_loops_corners, grunt_temple_overflow_diamond, temple_doors_e,
          minmay_bent
D:5:      layout_layer_cave
D:6:      layout_basic, lemuel_doored_altar, portal_sewer_entry_b,
          kennysheep_nondescript, uniq_maggie
D:7:      layout_rooms
D:8:      layout_basic, nicolae_wu_jian_glorious_leap, serial_shops,
          nicolae_inconvenience_store, uniq_psyche
D:9:      layout_rooms, mainiacjoe_overflow_brackets, orc_0_dummy,
          roderic_roman_lattice
D:10:     layout_stronghold
D:11:     layout_rooms, erik_lair_island
D:12:     layout_roguey, elves_outpost_lemuel
Lair:1:   layout_gridlike, lemuel_fruit_fields, lemuel_fruit_tree
Orc:1:    layout_diamond_mine, serial_shops, nicolae_diamond_shop
Orc:2:    st_orc_pillars, layout_diamond_mine

Skill      XL: |  1  2  3  4  5  6  7  8  9 10 11 |
---------------+----------------------------------+-----
Fighting       | 4 5 6 7 8 9 |  9.4
Axes           | 4 5 6 7 9 11 12 | 12.8
Dodging        | 3 4 5 6 7 |  7.6
Evocations     | 1 3 |  3.1
Bows           | 2 3 |  3.8
Spellcasting   | 2 4 |  4.1
Short Blades   | 2 |  2.0
Long Blades    | |  0.7

Action                   |  1- 3 |  4- 6 |  7- 9 | 10-12 || total
-------------------------+-------+-------+-------+-------++-------
Melee: Hand axe          |    97 |   168 |    78 |       ||   343
       Tailslap          |    13 |    23 |    34 |    43 ||   113
       Falchion          |       |       |    11 |       ||    11
       War axe           |       |       |   225 |   249 ||   474
       Headbutt          |       |       |     7 |    64 ||    71
       Short sword       |       |       |       |    84 ||    84
 Fire: Shortbow          |       |       |    14 |    64 ||    78
Throw: Throwing net      |       |       |     1 |       ||     1
 Abil: Breathe Frost     |       |       |     5 |     7 ||    12
Evoke: Wand              |       |       |    13 |    24 ||    37
  Use: Scroll            |       |    10 |     4 |     4 ||    18
       Potion            |       |     2 |    11 |     5 ||    18
 Stab: Distracted        |       |       |     2 |       ||     2
       Sleeping          |       |       |     1 |       ||     1
       Paralysed         |       |       |       |    16 ||    16
       Invisible         |       |       |       |     2 ||     2
Armor: Skin              |    19 |    47 |   137 |   143 ||   346
Dodge: Dodged            |    54 |   104 |   221 |   390 ||   769

Table legend: (Time is in decaauts)
 A = Elapsed time spent in this place.
 B = Non-inter-level travel time spent in this place.
 C = Inter-level travel time spent in this place.
 D = Time resting spent in this place.
 E = Time spent auto-exploring this place.
 F = Levels seen in this place.
 G = Mean time per level.
                   A        B        C        D        E       F      G
               +--------+--------+--------+--------+--------+-----+--------+
         Total |  15915 |  15284 |    631 |   3005 |   8819 |  16 |  994.7 |
       Dungeon |  13242 |  12675 |    567 |   2246 |   7876 |  12 | 1103.5 |
          Lair |    170 |    170 |      0 |    141 |      0 |   1 |  170.0 |
  Orcish Mines |   1906 |   1842 |     64 |    543 |    589 |   2 |  953.0 |
         Sewer |    595 |    595 |      0 |     75 |    354 |   1 |  595.0 |
               +--------+--------+--------+--------+--------+-----+--------+

Top non-repeatable levels by time:
    D:10: 1705 daAuts
     D:2: 1584 daAuts
     D:8: 1518 daAuts
     D:4: 1471 daAuts
     D:6: 1311 daAuts
     D:9: 1181 daAuts
     D:7: 1111 daAuts
     D:1: 1059 daAuts
     D:5: 1028 daAuts
   Orc:2: 957 daAuts
   Orc:1: 949 daAuts
     D:3: 933 daAuts
   Sewer: 595 daAuts
    D:11: 331 daAuts
  Lair:1: 170 daAuts
